 Dungeon Crawl Stone Soup version 0.28-a0-1213-g0243856f03 (webtiles) character file.

Game seed: 1240364136421615968

224 Redcow54321 the Cutter (level 5, -6/45 HPs)
             Began as a Draconian Berserker on Dec 21, 2021.
             Was a Priest of Trog.
             Mangled by Menkaure (21 damage)
             ... on level 4 of the Dungeon.
             The game lasted 00:03:56 (4174 turns).

Redcow54321 the Cutter (Draconian Berserker)        Turns: 4174, Time: 00:03:56

Health: -6/45      AC:  5    Str: 21    XL:     5   Next: 67%
Magic:  5/5        EV: 12    Int:  7    God:    Trog [***...]
Gold:   94         SH:  0    Dex: 11    Spells: 4/4 levels left

rFire   . . .      SeeInvis .   a - +0 falchion
rCold   . . .      Faith    .   (no shield)
rNeg    . . .      Spirit   .   (armour unavailable)
rPois   .          Reflect  .   (helmet restricted)
rElec   .          Harm     .   (no cloak)
rCorr   .          Rampage  .   (no gloves)
Will    .....                   (no boots)
Stlth   +.........              (no amulet)
HPRegen 0.15/turn               (no ring)
MPRegen 0.09/turn               (no ring)

@: no status effects
A: AC +5, unfitting armour, cold-blooded
a: Renounce Religion, Berserk, Trog's Hand


You were on level 4 of the Dungeon.
You worshipped Trog.
Trog was most pleased with you.
You visited 1 branch of the dungeon, and saw 4 of its levels.

You collected 94 gold pieces.

Inventory:

Hand Weapons
 a - a +0 falchion (weapon)
Jewellery
 o - an amulet of magic regeneration
Wands
 l - a wand of mindburst (23)
 n - a wand of polymorph (7)
Scrolls
 b - a scroll of identify {unknown}
 d - a scroll of fear {unknown}
 f - 2 scrolls of magic mapping
 g - a scroll of torment {unknown}
 h - a scroll of noise {unknown}
 i - a scroll of teleportation {unknown}
 k - 3 scrolls of amnesia {unknown}
 m - a scroll of immolation {unknown}
Potions
 c - a potion of lignification {unknown}
 e - 2 potions of curing {unknown}
 j - a potion of heal wounds


   Skills:
 - Level 3.2 Fighting
 * Level 5.5(5.9) Short Blades
 - Level 3.0(4.6) Long Blades
 - Level 2.6 Dodging


You had 4 spell levels left.
You didn't know any spells.
Your spell library was empty.

Dungeon Overview and Level Annotations

Branches:
Dungeon (4/15)
 Temple: D:4-7

Altars:

Annotations:
D:4 Menkaure


Innate Abilities, Weirdness & Mutations

Your plain brown scales are hard. (AC +5)
You cannot fit into any form of body armour.
You are cold-blooded and may be slowed by cold attacks.


Message History

The hound is heavily wounded.
The hound bites you but does no damage. The hound barely misses you.
You barely miss the hound.
Your tail-slap misses the hound.
The hound is heavily wounded.
The hound bites you. The hound barely misses you.
You hit the hound.
The hound is severely wounded.
The hound bites you.
You barely miss the hound.
The hound is severely wounded.
The hound bites you but does no damage. The hound barely misses you.
You closely miss the hound.
The hound is severely wounded.
The hound barely misses you. The goblin hits you with a +0 club.
The hound bites you. The goblin hits you but does no damage.
You closely miss the goblin. The hound barely misses you.
The goblin hits you but does no damage.
You slash the goblin!
You kill the goblin!
Trog accepts your kill. The hound bites you. x2
You slash the hound!
You kill the hound!
Trog accepts your kill.
Menkaure murmurs, "Let me perform the rites..."
The ball python bites you but does no damage.
The ball python grabs you. The ball python constricts you.
You closely miss the ball python. The ball python barely misses you.
The ball python constricts you.
You slash the ball python!
You kill the ball python!
Trog accepts your kill.
You slash Menkaure! You tail-slap Menkaure.
Menkaure is heavily damaged.
Menkaure calls on the powers of darkness!
Your body is wracked with pain!
You hit Menkaure.
Menkaure is severely damaged.
Menkaure hits you!!
You die...

#..# #..# # #.?# .#
#..#######.###
#.............
#..........#
#......../.#
###.#####.=...<...#
......)@M........##
..#######.........#
#..........#
#..........#
#...........#
###...#####[# #.###
.# .#


You could see Menkaure (fast).

Vanquished Creatures
  3 hounds (D:4)
  Terence (D:2)
  3 gnolls (D:2)
  2 adders
  3 worms (D:3)
  A dart slug (D:3)
  4 orcs (D:3)
  3 bats (D:1)
  6 endoplasms
  A giant cockroach (D:1)
  5 goblins
  6 hobgoblins
  3 jackals (D:2)
  5 quokkas
  8 ball pythons
  4 frilled lizards
  A kobold (D:4)
  5 rats
64 creatures vanquished.

Notes
Turn   | Place    | Note
-------+----------+-------------------------------------------
     0 | D:1      | Redcow54321 the Draconian Berserker began the quest for the
                  | Orb.
     0 | D:1      | Reached XP level 1. HP: 19/19 MP: 1/1
    31 | D:1      | Reached skill level 1 in Short Blades
   205 | D:1      | Reached XP level 2. HP: 23/26 MP: 2/2
   263 | D:1      | Reached skill level 2 in Short Blades
   914 | D:1      | Reached ** piety under Trog
   949 | D:1      | Reached XP level 3. HP: 29/31 MP: 3/3
  1089 | D:2      | Reached skill level 3 in Short Blades
  1476 | D:2      | Reached XP level 4. HP: 7/38 MP: 4/4
  1948 | D:2      | Found a faded altar of an unknown god.
  2122 | D:2      | Noticed Terence
  2133 | D:2      | Killed Terence
  2134 | D:2      | Reached skill level 4 in Short Blades
  3498 | D:3      | Reached XP level 5. HP: 45/45 MP: 5/5
  4146 | D:4      | Noticed Menkaure
  4149 | D:4      | Reached skill level 5 in Short Blades
  4169 | D:4      | Reached *** piety under Trog
  4174 | D:4      | Mangled by Menkaure

Illustrated notes

Levels and vault maps discovered:
D:1:      minmay_arrival_glassed_features, layout_rooms
D:2:      layout_basic, hellmonk_ecumenical_altar_leap_of_faith, uniq_terence
D:3:      cheibrodos_helix_gallery, layout_basic, wad_orctagon
D:4:      layout_loops_ring, gup_sewer_entry_glass, uniq_menkaure

Skill      XL: |  1  2  3  4  5 |
---------------+----------------+-----
Short Blades   | 1 2 3 4 5 |  5.5
Fighting       | |  3.2
Long Blades    | |  3.0
Dodging        | |  2.6

Action                   |  1- 3 |  4- 6 || total
-------------------------+-------+-------++-------
Melee: Falchion          |   119 |   127 ||   246
       Tailslap          |    10 |    12 ||    22
  Use: Scroll            |       |     1 ||     1
       Potion            |       |     2 ||     2
 Stab: Sleeping          |       |     1 ||     1
Armor: Skin              |    30 |    34 ||    64
Dodge: Dodged            |    91 |    84 ||   175

Table legend: (Time is in decaauts)
 A = Elapsed time spent in this place.
 B = Non-inter-level travel time spent in this place.
 C = Inter-level travel time spent in this place.
 D = Time resting spent in this place.
 E = Time spent auto-exploring this place.
 F = Levels seen in this place.
 G = Mean time per level.
                   A        B        C        D        E       F      G
               +--------+--------+--------+--------+--------+-----+--------+
         Total |   4209 |   4113 |     96 |    292 |   3318 |   4 | 1052.2 |
       Dungeon |   4209 |   4113 |     96 |    292 |   3318 |   4 | 1052.2 |
               +--------+--------+--------+--------+--------+-----+--------+

Top non-repeatable levels by time:
     D:3: 1584 daAuts
     D:2: 1520 daAuts
     D:1: 1055 daAuts
     D:4: 48 daAuts
